AoeStats
← Groove8733

Arabia

510478252Analyzed
1v1 RM · 11h ago on Oct 1, 2026· 55m 23s· 2 players
Game mode
Random Map
Map size
Tiny (2 player)
Population
200
Speed
Normal
Resources
Standard
Victory
Conquest
Starting age
Dark Age
Ending age
Imperial Age
RankedLock teamsTeams togetherTeam positionsShared explorationLock speedFull tech treeHidden civsTurbo modeCheats
Victory
Defeat
🇷🇺 Inca · Russia
375
+21
🇦🇺 Mongols · Australia
490
-26
Tokamak
0:29 Loom
12:08 Feudal Age
14:28 Wheelbarrow
13:42 Double-Bit Axe
13:38 Horse Collar
15:03 Champi Runner
24:01 Castle Age
23:05 Padded Archer Armor
23:02 Fletching
23:57 Scale Mail Armor
24:25 Stone Mining
24:26 Gold Mining
25:37 Heavy Plow
26:19 Bow Saw
29:09 Stone Shaft Mining
30:37 Leather Archer Armor
31:44 Hand Cart
30:58 Champi Warrior
33:38 Gold Shaft Mining
34:54 Masonry
34:40 Murder Holes
34:56 Fortified Wall
34:14 Crossbowman
41:22 Imperial Age
39:43 Chain Mail Armor
39:40 Forging
39:26 Bodkin Arrow
41:16 Andean Sling
41:30 Elite Skirmisher
43:15 Ring Archer Armor
43:10 Elite Skirmisher
43:12 Arbalester
45:17 Conscription
45:25 Thumb Ring
46:26 Crop Rotation
47:00 Ballistics
47:43 Chemistry
46:34 Guard Tower
48:24 Elite Kamayuk
50:20 Plate Mail Armor
Groove8733
7:10 Loom
10:11 Feudal Age
11:42 Double-Bit Axe
14:11 Wheelbarrow
22:08 Castle Age
20:34 Padded Archer Armor
21:41 Fletching
21:40 Horse Collar
23:19 Bodkin Arrow
31:18 Crossbowman
32:04 Thumb Ring
33:50 Leather Archer Armor
37:06 Imperial Age
37:31 Scale Barding Armor
39:13 Chemistry
38:39 Bow Saw
38:32 Heavy Plow
38:04 Light Cavalry
38:55 Bloodlines
43:05 Hand Cart
44:54 Atonement
44:55 Devotion
46:23 Chain Barding Armor
49:23 Forging
Connection lost

Rejoining the realm…

Still unreachable

The connection could not be restored.

Session expired

The server has moved on; the page needs a fresh start.